 Dungeon Crawl Stone Soup version 0.29-a0-359-g541a27f54d (webtiles) character file.

Game seed: 12461791375990549428

67 purpskrrrp the Sneak (level 3, 0/36 HPs)
             Began as a Troll Delver on Apr 27, 2022.
             Slain by a hornet (7 damage)
             ... on level 10 of the Dungeon.
             The game lasted 00:05:24 (553 turns).

purpskrrrp the Sneak (Troll Delver)                  Turns: 553, Time: 00:05:24

Health: 0/36       AC:  4    Str: 22    XL:     3   Next: 98%
Magic:  2/2        EV:  9    Int:  6    God:
Gold:   20         SH:  0    Dex: 11    Spells: 2/2 levels left

rFire   . . .      SeeInvis .     - Unarmed
rCold   . . .      Faith    .   (no shield)
rNeg    . . .      Spirit   .   a - +0 robe
rPois   .          Reflect  .   (helmet restricted)
rElec   .          Harm     .   (no cloak)
rCorr   .          Rampage  .   (gloves unavailable)
Will    .....                   (boots unavailable)
Stlth   ++........              (no amulet)
HPRegen 0.92/turn               (no ring)
MPRegen 0.08/turn               (no ring)

@: lethally poisoned (0 -> 0), slowed, very slow
A: large, unfitting armour, claws 3, regeneration 1, shaggy fur 1, tough skin 1
a: no special abilities


You were on level 10 of the Dungeon.
You visited 1 branch of the dungeon, and saw 6 of its levels.

You collected 20 gold pieces.

Inventory:

Hand Weapons
 h - a +0 mace
Missiles
 g - 6 poisoned darts (quivered)
Armour
 a - a +0 robe (worn)
 e - the +7 Kryia's mail coat {PotionHeal*2 rC+}
   (You found it on level 10 of the Dungeon)

   Potions are twice as effective at healing its wearer.
   rC:        It protects you from cold.
Wands
 f - a wand of digging (3)
Scrolls
 b - 3 scrolls of identify {unknown}
 c - a scroll of magic mapping


   Skills:
 + Level 2.7 Fighting
 + Level 1.6 Dodging
 + Level 3.5 Stealth
 + Level 2.2 Unarmed Combat


You had 2 spell levels left.
You didn't know any spells.
Your spell library was empty.

Dungeon Overview and Level Annotations

Branches:
Dungeon (10/15)
 Temple: D:4-7         Lair: D:8-11         Orc: D:9-12

Altars:


Innate Abilities, Weirdness & Mutations

You are too large for most types of armour.
You have claws for hands.
Your natural rate of healing is unusually fast.
You are covered in fur. (AC +1)
You have tough skin. (AC +1)


Message History

The kobold attacks as you move away! The kobold hits you with a +0 club.
A warg comes into view.
The warg moves out of view.
The kobold closely misses you.
The kobold throws a stone.
The stone closely misses you.
The kobold throws a stone.
The stone hits you but does no damage.
The kobold throws a stone.
The stone completely misses you.
Found 3 scrolls labelled KOETZE ROFOY.
The kobold brigand throws a curare-tipped dart.
The curare-tipped dart hits you.
You are poisoned.
You have difficulty breathing.
You feel yourself slow down.
You feel very sick.
You feel very sick.
The kobold brigand throws a curare-tipped dart.
The curare-tipped dart hits you.
You are more poisoned.
You have difficulty breathing.
You feel as though you will be slow longer.
You see here 3 scrolls labelled KOETZE ROFOY.
As you read the scroll of fear, it crumbles to dust.
You assume a fearsome visage.
The kobold brigand looks frightened!
The kobold looks frightened! x2
You feel very sick.
You feel very sick.
You feel very sick.
Cornered, the kobold turns to fight!
You see here 3 scrolls labelled KOETZE ROFOY.
b - 3 scrolls labelled KOETZE ROFOY You feel very sick.
The kobold throws a stone.
The stone barely misses you.
You feel sick.
The kobold throws a stone.
The stone hits you but does no damage.
A hornet comes into view.
You feel sick.
The hornet buzzes angrily.
The kobold throws a stone.
The stone hits you but does no damage.
The kobold throws a stone.
The stone hits you but does no damage.
You feel sick. The hornet stings you!
You die...

...§.§#§#.######K#
..§§§§§.K.....<#.#
.K.§§§#........#.#
...§§§§K.....#.#.#
K####§§§#.#....#.#
#.§#.......#.#
.......######.#
#.#....... #.#
#.#.####### #@#
..... ......y.#
.###.. #####.###
... ###


You could see a hornet.

Vanquished Creatures
  A bullfrog (D:7)
  An ufetubus (D:7)
2 creatures vanquished.

Notes
Turn   | Place    | Note
-------+----------+-------------------------------------------
     0 | D:5      | purpskrrrp the Troll Delver began the quest for the Orb.
     0 | D:5      | Reached XP level 1. HP: 22/22 MP: 0/0
    75 | D:6      | Noticed a wight
    77 | D:6      | Noticed a wight
    99 | D:6      | Noticed a scorpion
   117 | D:7      | Noticed a bullfrog
   137 | D:7      | Killed a bullfrog
   138 | D:7      | Reached skill level 3 in Stealth
   138 | D:7      | Reached XP level 2. HP: 7/29 MP: 1/1
   138 | D:7      | Reached XP level 3. HP: 9/36 MP: 2/2
   432 | D:8      | Noticed a wight
   484 | D:9      | Noticed a centaur
   488 | D:10     | Entered Level 10 of the Dungeon
   516 | D:10     | Found the +7 Kryia's mail coat {PotionHeal*2 rC+}
   524 | D:10     | Noticed a kobold brigand
   530 | D:10     | Noticed a warg
   552 | D:10     | Noticed a hornet
   553 | D:10     | Slain by a hornet

Illustrated notes

Levels and vault maps discovered:
D:5:      layout_cave_pods, mainiacjoe_overflow_surrounded_room,
          okawaru_altar_gauntlet_db, serial_shops, shop,
          small_statue_intersection
D:6:      layout_loops_ring, grunt_qazlal_clouds, kennysheep_another_room
D:7:      layout_basic, general_overflow_altar, amcnicky_mini_pool_small,
          chequers_hall_statues_corner_a, lemuel_flame_loot_1
D:8:      layout_rooms, riverfiend_overflow_shadow_ancestor,
          mainiacjoe_overflow_alcove_2, tso_metal_star, lemuel_crystal_altar,
          erik_lair_island
D:9:      layout_layer_cave, fiery_altar_vehumet, serial_shops, shop,
          uniq_harold
D:10:     layout_basic, led_sif_pool, minmay_orc_entry_guard_dogs, serial_shops,
          nicolae_take_the_stairs, uniq_urug

Skill      XL: |  1 |
---------------+----+-----
Stealth        | 3 |  3.5
Fighting       | |  2.7
Dodging        | |  1.6
Unarmed Combat | |  2.2

Action                   || total
-------------------------++-------
Melee: Unarmed           ||     8
  Use: Potion            ||     2
       Scroll            ||     2
Armor: Robe              ||     7
Dodge: Dodged            ||    10

Table legend: (Time is in decaauts)
 A = Elapsed time spent in this place.
 B = Non-inter-level travel time spent in this place.
 C = Inter-level travel time spent in this place.
 D = Time resting spent in this place.
 E = Time spent auto-exploring this place.
 F = Levels seen in this place.
 G = Mean time per level.
                   A        B        C        D        E       F      G
               +--------+--------+--------+--------+--------+-----+--------+
         Total |    535 |    489 |     46 |    250 |    132 |   6 |   89.2 |
       Dungeon |    535 |    489 |     46 |    250 |    132 |   6 |   89.2 |
               +--------+--------+--------+--------+--------+-----+--------+

Top non-repeatable levels by time:
     D:7: 297 daAuts
     D:6: 90 daAuts
    D:10: 68 daAuts
     D:9: 48 daAuts
     D:8: 20 daAuts
     D:5: 9 daAuts
